 Dungeon Crawl Stone Soup version 0.17-a0-2171-ga91b4ec (console) character file.

865 endege the Shield-Bearer (level 7, -1/71 HPs)
             Began as a Troll Fighter on Oct 25, 2015.
             Slain by a decayed bog body (12 damage)
             ... in an ossuary.
             The game lasted 00:45:39 (4247 turns).

endege the Shield-Bearer (Troll Fighter)            Turns: 4247, Time: 00:45:41

Health: -1/71      AC:  6    Str: 27    XL:     7   Next: 72%
Magic:  6/6        EV:  9    Int: 10    God:
Gold:   192        SH: 10    Dex: 14    Spells: 0 memorised, 6 levels left

rFire  + . .     SeeInvis .     a - +1 trident
rCold  . . .     Clarity  .     b - +0 robe
rNeg   . . .     SustAt   .     r - +0 shield
rPois  +         Gourm    +     (helmet restricted)
rElec  .         Spirit   .     x - +1 cloak
rCorr  .         Warding  .     (gloves unavailable)
rMut   .         Stasis   .     (boots unavailable)
MR     .....                    (no amulet)
Stlth  +.........               A - ring of Icsoergh {rPois Int+6}
                                z - +3 ring of dexterity

@: not resistant to hostile enchantments, very unstealthy
A: unfitting armour, claws 3, deformed body, fire resistance 1, fast metabolism
3, gourmand, regeneration 2, shaggy fur 1, strong 1, tough skin 2
a: no special abilities


You were in an ossuary.
You were full.

You visited 1 branch of the dungeon, and saw 5 of its levels.
You also visited: Ossuary.

You collected 192 gold pieces.

Inventory:

Hand Weapons
 a - a +1 trident (weapon)
 f - a cursed -3 spear
Armour
 b - a +0 robe (worn)
 c - a +0 shield
 r - a +0 shield (worn)
 x - a +1 cloak (worn)
Jewellery
 g - an uncursed amulet of faith
 m - an uncursed ring of loudness
 n - an uncursed ring of poison resistance
 z - a +3 ring of dexterity (left claw)
 A - the ring of Icsoergh (right claw) {rPois Int+6}
   (You found it on level 4 of the Dungeon)

   [ring of poison resistance]

   It affects your intelligence (+6).
   It protects you from poison.
Scrolls
 h - 2 scrolls of remove curse
 j - a scroll of enchant weapon
 l - a scroll of identify
 p - a scroll of enchant armour
 v - 3 scrolls of teleportation
 w - a scroll of immolation {unknown}
 y - 2 scrolls of recharging
Potions
 d - a potion of might
 k - a potion of curing
Books
 t - a book of Hinderance

   Spells                             Type                      Level
   a - Confusing Touch                Hexes                        2
   b - Confuse                        Hexes                        3
   c - Gell's Gravitas                Hexes/Translocation          3
   d - Petrify                        Transmutation/Earth          4
   e - Metabolic Englaciation         Hexes/Ice                    5
Comestibles
 e - 5 bread rations
 s - 3 royal jellies
 u - 4 fruits


   Skills:
 + Level 4.3 Fighting
 + Level 3.8 Polearms
 + Level 3.3 Armour
 - Level 2.4 Dodging
 + Level 4.4 Shields


You had 6 spell levels left.
You didn't know any spells.

Dungeon Overview and Level Annotations

Branches:
Dungeon (5/15)
 Temple: D:4-7

Altars:
Ashenzari
Gozag
Zin
The Shining One

Shops:
D:5 [


Innate Abilities, Weirdness & Mutations

You are too large for most types of armour.
You have claws for hands.
Your metabolism is lightning-fast.
You like to eat raw meat.
You heal very quickly.
You are covered in fur (AC +1).
You have very tough skin (AC +2).
Armour fits poorly on your strangely shaped body.
Your flesh is heat resistant.
Your muscles are strong. (Str +2)


Message History

The decayed bog body barely misses you.
You closely miss the decayed bog body.
The decayed bog body is lightly damaged.
The decayed bog body gestures at you while chanting.
The puff of frost hits you! The decayed bog body hits you!
The decayed bog body touches you. The decayed bog body freezes you.
You hit the decayed bog body.
The decayed bog body is moderately damaged.
The decayed bog body points at you and mumbles some strange words.
The puff of frost hits you! The decayed bog body hits you!
* * * LOW HITPOINT WARNING * * *
The decayed bog body barely misses you.
You closely miss the decayed bog body.
The decayed bog body is moderately damaged.
You feel yourself speed up.
The decayed bog body gestures at you while chanting.
The puff of frost hits you!
* * * LOW HITPOINT WARNING * * *
The decayed bog body hits you!
You die...

# ######≈# #
#.#P≈.
.≈.#≈#≈#≈#+#≈#≈#
≈..≈.≈.≈≈.≈≈P≈#
#+##≈##≈##≈≈#≈≈#
#..n# ≈.# #.∩@#
≈≈# #∩..# ##
#####


You could see a decayed bog body.

Vanquished Creatures
  2 ogres (D:4)
  A centaur (D:3)
  A wyvern zombie (Ossuary)
  A scorpion (D:4)
  2 bog bodies (Ossuary)
  A hound (D:4)
  An iguana (D:4)
  2 orc wizards (D:5)
  Natasha (thrice) (D:2)
  2 worker ants (D:4)
  5 mummies (Ossuary)
  8 adders
  3 gnolls (D:2)
  An ooze (D:3)
  An adder zombie (Ossuary)
  3 worms
  3 giant geckos
  3 orcs
  9 bats
  3 giant cockroaches
  11 goblins
  9 hobgoblins
  2 jackals (D:2)
  A quokka (D:3)
  4 ball pythons
  3 giant newts (D:1)
  2 kobolds
  9 rats
96 creatures vanquished.

Vanquished Creatures (others)
  2 plants (Ossuary)
2 creatures vanquished.

Grand Total: 98 creatures vanquished

Notes
Turn   | Place    | Note
--------------------------------------------------------------
     0 | D:1      | endege the Troll Fighter began the quest for the Orb.
     0 | D:1      | Reached XP level 1. HP: 22/22 MP: 0/0
    46 | D:1      | Gained mutation: Armour fits poorly on your strangely shaped body. [potion of mutation]
    46 | D:1      | Gained mutation: Your flesh is heat resistant. [potion of mutation]
    46 | D:1      | Gained mutation: Your muscles are strong. (Str +2) [potion of mutation]
   167 | D:1      | Reached XP level 2. HP: 29/29 MP: 1/1
   207 | D:1      | Found a shattered altar of Ashenzari.
   614 | D:2      | Noticed Natasha
   629 | D:2      | Killed Natasha
   629 | D:2      | Reached XP level 3. HP: 19/36 MP: 2/2
   759 | D:2      | Reached skill level 1 in Armour
   763 | D:2      | Reached skill level 3 in Fighting
   765 | D:2      | Reached XP level 4. HP: 10/45 MP: 3/3
  1184 | D:2      | Noticed Natasha
  1208 | D:2      | Killed Natasha
  1232 | D:2      | Noticed Natasha
  1237 | D:2      | Killed Natasha
  1822 | D:3      | Reached XP level 5. HP: 48/53 MP: 4/4
  2165 | D:3      | Found a glowing golden altar of the Shining One.
  2416 | D:3      | Noticed a centaur
  2431 | D:3      | Killed a centaur
  2431 | D:3      | Reached XP level 6. HP: 11/61 MP: 5/5
  3003 | D:4      | Got a brightly glowing granite ring
  3005 | D:4      | Identified the ring of Icsoergh {rPois Int+6} (You found it on level 4 of the Dungeon)
  3136 | D:4      | Reached skill level 4 in Shields
  3136 | D:4      | Reached XP level 7. HP: 68/68 MP: 6/6
  3297 | D:4      | Found an opulent altar of Gozag.
  3298 | D:4      | Found a glowing silver altar of Zin.
  3916 | D:5      | Entered Level 5 of the Dungeon
  3919 | D:5      | Found Jogutoa's Antique Armour Shoppe.
  3921 | D:5      | Found a sand-covered staircase.
  3984 | Ossuary  | Entered an ossuary
  4247 | Ossuary  | Slain by a decayed bog body

Vault maps used:
D:1:      dpeg_arrival_stone_temple_mockup, nicolae_ashenzari_panopticon
D:2:      uniq_natasha
D:3:      tso_oasis_becter, kennysheep_generic_room_2
D:4:      grunt_temple_overflow_gold_and_silver, first_bread
D:5:      gammafunk_temple_overflow_wave, lightli_ossuary_entry_decrepit_ruins,
          serial_shops, shop, nrook_mini_backslash
Ossuary:  ossuary_zaba_flooded

Action                   |  1- 3 |  4- 6 |  7- 9 || total
-------------------------+-------+-------+-------++-------
Melee: Trident           |    92 |   257 |   111 ||   460
Throw: Throwing net      |       |     1 |       ||     1
  Use: Potion            |     1 |     4 |     2 ||     7
       Scroll            |     2 |     6 |       ||     8
 Stab: Held in net/web   |       |     1 |       ||     1
       Sleeping          |       |       |     1 ||     1
  Eat: Chunk             |     4 |    22 |     5 ||    31
       Pizza             |       |     1 |       ||     1
       Meat ration       |       |       |     2 ||     2
